 Dungeon Crawl Stone Soup version 0.16-a0-77-g708f960 (webtiles) character file.

34 PolkaDot the Cutter (level 3, -12/27 HPs)
             Began as a Vampire Death Knight on Aug 8, 2014.
             Was a Believer of Yredelemnul.
             Mangled by a gnoll
             ... wielding a +0 flail of protection
              (14 damage)
             ... on Level 1 of the Dungeon.
             The game lasted 00:03:44 (1013 turns).

PolkaDot the Cutter (Vampire Death Knight)          Turns: 1013, Time: 00:03:45

HP -12/27        AC  3     Str 12      XL: 3   Next: 14%
MP  13/13        EV 11     Int 13      God: Yredelemnul [**....]
Gold 23          SH  0     Dex 14      Spells:  0 memorised,  2 levels left

rFire  . . .     SeeInvis +     h - +1 short sword (speed)
rCold  . . .     Clarity  .     b - +0 leather armour
rNeg   . . .     rCorr    .     (no shield)
rPois  .         rRot     .     (no helmet)
rElec  .         Spirit   .     (no cloak)
SustAb .         Warding  .     (no gloves)
rMut   .         Stasis   .     (no boots)
Gourm  .                        (no amulet)
MR     .....                    g - +1 ring of evasion
                                a - ring of magical power

@: regenerating quickly, not resistant to hostile enchantments, very unstealthy
A: fangs 3, see invisible, unbreathing
a: Animate Remains, Recall Undead Slaves, Injury Mirror, Renounce Religion


You were on level 1 of the Dungeon.
You worshipped Yredelemnul.
Yredelemnul was pleased with you.
You were full.

You visited 1 branch of the dungeon, and saw 2 of its levels.

You collected 23 gold pieces.

Inventory:

Hand weapons
 h - a +1 short sword of speed (weapon)
Armour
 b - a +0 leather armour (worn)
Scrolls
 c - a scroll of random uselessness {unknown}
 d - 2 scrolls of identify {unknown}
 e - a scroll of teleportation {unknown}
 i - a scroll of noise {unknown}
Jewellery
 a - a ring of magical power (left hand)
 g - a +1 ring of evasion (right hand)
Potions
 f - a potion of heal wounds {unknown}
 j - a potion of restore abilities {unknown}


   Skills:
 - Level 1.7 Fighting
 * Level 3.5 Short Blades
 - Level 0.7 Armour
 - Level 1.1 Dodging
 + Level 2.8 Invocations


You had 2 spell levels left.
You didn't know any spells.

Dungeon Overview and Level Annotations

Branches:
Dungeon (2/15)

Altars:


Innate Abilities, Weirdness & Mutations

Your natural rate of healing is unusually fast.
You have razor-sharp teeth.
You have supernaturally acute eyesight.
You can survive without breathing.


Message History

You hit the gnoll. Your bite misses the gnoll.
The gnoll is heavily wounded.
The gnoll barely misses you.
Your hobgoblin zombie hits the gnoll.
Your giant cockroach zombie barely misses the gnoll.
You hit the gnoll. Your bite misses the gnoll.
The gnoll is severely wounded.
You hit the gnoll but do no damage.
The gnoll is severely wounded.
The gnoll hits you with a glowing flail!
* * * LOW HITPOINT WARNING * * *
Your hobgoblin zombie barely misses the gnoll.
Your giant cockroach zombie bites the gnoll but does no damage.
You closely miss the gnoll.
The gnoll is severely wounded.
You closely miss the gnoll.
The gnoll is severely wounded.
The gnoll hits you with a glowing flail!
Ouch! That really hurt!
You die...
Yredelemnul claims you as an undead slave.

......###....#.......#.#.#
......'.+.....######.#.#.#
......###.....# #)#.#.#
...Z..###.....#
#.#.#.########
...Z....#####.#
#.#.#......... .######Z#
#.# #[#.########## .# #Z##
##.######.#.# ## #..#
#......##.#.#
########.###...Z@.##.#.#
.........Z.+....g)##.#.##
######......(..Z........##
#......###≈..≈###[..#
##.....#...#≈≈#...#..#
#......#.⌠.#≈≈#.⌠.#..#
#......#...#≈≈#...#..###
#.......###≈≈≈≈###.....#
#.........≈≈≈≈≈≈.....#.#


You could see a gnoll, a friendly giant cockroach zombie and a friendly
hobgoblin zombie.

Vanquished Creatures
  A worm (D:1)
  A giant cockroach (D:1)
  2 goblins (D:1)
  5 hobgoblins (D:1)
  3 jackals (D:1)
  A ball python (D:1)
  3 bats (D:1)
  A giant newt (D:1)
  5 kobolds (D:1)
  3 rats (D:1)
25 creatures vanquished.

Vanquished Creatures (collateral kills)
  A ball python (D:1)
  A goblin (D:1)
  A kobold (D:1)
  A rat (D:1)
4 creatures vanquished.

Vanquished Creatures (others)
  A goblin skeleton (D:1)
  A hobgoblin skeleton (D:1)
  A hobgoblin zombie (D:1)
  A kobold zombie (D:1)
4 creatures vanquished.

Grand Total: 33 creatures vanquished

Notes
Turn   | Place    | Note
--------------------------------------------------------------
     0 | D:1      | PolkaDot, the Vampire Death Knight, began the quest for the Orb.
     0 | D:1      | Reached XP level 1. HP: 16/16 MP: 1/1
   223 | D:1      | Reached XP level 2. HP: 16/22 MP: 2/2
   246 | D:1      | Reached skill level 3 in Short Blades
   500 | D:1      | Acquired Yredelemnul's second power
   714 | D:1      | Reached XP level 3. HP: 13/27 MP: 4/4
  1013 | D:1      | Mangled by a gnoll

Action                   || total
-------------------------++-------
Melee: Short sword       ||    98
Invok: Animate Remains   ||     6
  Use: Potion            ||     1
  Eat: Corpse            ||     9
